Map: Bel'Shir Vestige LE (Void)

Players

PiG

  • Race: Protoss Protoss
  • League: Grandmaster
  • Spawn Location: 5:00

A.I. 1 (Very Easy) - Winner!

  • Race: Zerg Zerg
  • Spawn Location: 11:00

VOD

https://www.youtube.com/watch?v=qnylmky7IWk

Description

How to take a 3rd safely whilst pressuring with glaive Adepts. Video goes over all the little details that allow you to survive reliably whilst taking a very fast 3rd base.

Time

  • Played on: Feb. 6, 2017, 10:31 p.m.
  • Length: 4:35
Show
View Real Time Build Order
Export as new Build Order

PiG Protoss 

Build Orders: 1 Gate Expand 

Get SALT Encoding   

  12  0:01  Probe (Chrono Boost)  
  13  0:11  Probe (Chrono Boost)  
  14  0:20  Pylon  
  14  0:23  Probe (Chrono Boost)  
  15  0:38  Probe (Chrono Boost)  
  15  0:41  Gateway  
  16  0:46  Assimilator  
  16  0:49  Probe (Chrono Boost)  
  17  1:00  Probe (Chrono Boost)  
  18  1:11  Probe (Chrono Boost)  
  19  1:22  Nexus  
  19  1:25  Probe (Chrono Boost)  
  20  1:34  Cybernetics Core  
  20  1:37  Probe (Chrono Boost)  
  21  1:42  Assimilator  
  21  1:47  Probe (Chrono Boost)  
  21  1:53  Pylon  
  22  1:58  Probe (Chrono Boost)  
  23  2:03  Warp Gate  
  23  2:07  Adept  
  23  2:13  Probe (Chrono Boost)  
  26  2:25  Probe (Chrono Boost)  
  26  2:27  Twilight Council  
  27  2:31  Adept  
  27  2:34  Probe (Chrono Boost)  
  31  2:37  Probe (Chrono Boost)  
  31  2:45  Probe (Chrono Boost)  
  33  2:51  Probe (Chrono Boost), Resonating Glaives  
  33  2:55  Probe (Chrono Boost)  
  34  2:59  Adept  
  34  3:04  Probe (Chrono Boost)  
  37  3:08  Probe (Chrono Boost)  
  37  3:12  Gateway  
  38  3:14  Gateway  
  38  3:16  Probe (Chrono Boost)  
  40  3:20  Probe (Chrono Boost)  
  40  3:26  Adept  
  43  3:28  Probe (Chrono Boost)  
  43  3:31  Pylon  
  43  3:32  Probe (Chrono Boost)  
  44  3:39  Pylon  
  44  3:46  Probe x2 (Chrono Boost)  
  46  3:54  Nexus  
  46  3:57  Probe (Chrono Boost)  
  46  4:02  Mothership Core (Chrono Boost)  
  49  4:08  Probe (Chrono Boost)  
  49  4:09  Adept x3  
  56  4:18  Probe (Chrono Boost)  
  56  4:21  Assimilator  
  56  4:23  Assimilator  
  57  4:26  Robotics Facility  
  57  4:30  Gateway  
  57  4:32  Gateway  
  57  4:33  Gateway  
Show
View Real Time Build Order
Export as new Build Order

A.I. 1 (Very Easy) Zerg - Winner!

Build Orders: Pool Only 

Get SALT Encoding   

  12  0:00  Drone  
  13  0:12  Overlord  
  13  0:17  Drone  
  14  0:35  Spawning Pool  
  13  0:37  Drone  
  13  0:41  Extractor  
  13  0:44  Drone  
  14  0:51  Overlord  
  14  1:21  Queen  
  14  1:22  Zergling x2  
  17  1:28  Roach Warren  
  17  1:32  Drone  
  17  1:35  Extractor  
  17  1:39  Drone  
  17  1:43  Zergling x2  
  18  1:54  Drone  
  19  2:04  Zergling x2  
  19  2:05  Drone  
  21  2:16  Drone  
  22  2:27  Drone  
  22  2:28  Overlord  
  23  2:34  Drone  
  24  2:42  Drone  
Tags
 
Add a new tag
Caveats
  • Supply blocks, unpowered buildings, or Contaminate may cause inaccurate times.
  • Supply counts are checked every 10 seconds.